 Dungeon Crawl Stone Soup version 0.25-a0-942-g87a53962fc (webtiles) character file.

Game seed: 17614372397192609062, levelgen mode: deterministic

594 Maedhros the Covert (level 7, 0/43 HPs)
             Began as an Octopode Artificer on May 6, 2020.
             Succumbed to a worker ant's poison
             ... on level 5 of the Dungeon.
             The game lasted 00:05:54 (711 turns).

Maedhros the Covert (Octopode Artificer)             Turns: 711, Time: 00:05:54

Health: 0/43       AC:  1    Str: 12    XL:     7   Next: 39%
Magic:  9/9        EV: 13    Int: 13    God:
Gold:   69         SH:  0    Dex: 14    Spells: 6/6 levels left

rFire    . . .     SeeInvis .   a - +0 short sword
rCold    . . .     Gourm    .   (no shield)
rNeg     . . .     Faith    .   (helmet restricted)
rPois    .         Spirit   .   (no amulet)
rElec    .         Reflect  .   (no ring)
rCorr    .         Harm     .   (no ring)
MR       .....                  (no ring)
Stlth    +++++.....             (no ring)
HPRegen  0.14/turn              (no ring)
MPRegen  0.11/turn              (no ring)
                                (no ring)
                                (no ring)

@: lethally poisoned (0 -> -5)
A: almost no armour, stealthy swim, amphibious, 8 rings, constrict 8, camouflage
1, gelatinous body 1
a: no special abilities


You were on level 5 of the Dungeon.
You were not hungry.

You visited 1 branch of the dungeon, and saw 6 of its levels.

You collected 69 gold pieces.

Inventory:

Hand Weapons
 a - a +0 short sword (weapon)
 e - a +2 dire flail of venom
Missiles
 j - 5 javelins (quivered)
Magical Staves
 i - an uncursed staff of cold
Wands
 b - a wand of flame (2)
 c - a wand of enslavement (10)
 d - a wand of random effects (4)
 k - a wand of polymorph (8)
Scrolls
 g - a scroll of identify
Comestibles
 f - a ration
 l - 2 chunks of flesh


   Skills:
 - Level 1.0 Fighting
 - Level 1.0 Short Blades
 - Level 2.0 Dodging
 - Level 8.9 Stealth
 * Level 4.3 Unarmed Combat
 - Level 3.2 Evocations


You had 6 spell levels left.
You didn't know any spells.
Your spell library was empty.

Dungeon Overview and Level Annotations

Branches:
Dungeon (6/15)
 Temple: D:4-7

Altars:


Innate Abilities, Weirdness & Mutations

You cannot wear most types of armour.
You are very stealthy in the water. (Stealth+)
You are amphibious.
You can wear up to eight rings at the same time.
You can use your tentacles to constrict eight enemies at once.
Your skin changes colour to match your surroundings (Stealth+).
Your rubbery body absorbs attacks. (AC +1, EV +1)


Message History

* * * LOW HITPOINT WARNING * * *
You feel sick. The worker ant bites you.
* * * LOW HITPOINT WARNING * * *
Unknown command.
You hit the worker ant.
You kill the worker ant!
* * * LOW HITPOINT WARNING * * *
You feel sick.
Unknown command.
You aren't carrying any potions.
Okay, then.
As you read the scroll labeled JEOZIMO IX XAZ, it crumbles to dust.
It is a scroll of enchant armour.
You aren't carrying any armour which can be enchanted further.
* * * LOW HITPOINT WARNING * * *
You feel sick.
As you read the scroll labeled JAOQIPHIMEU, it crumbles to dust.
It is a scroll of identify.
You don't have any unidentified items.
You die...

#.# ####.#
#.##.... .. #
#.#.... .. .
#.#.#..###....
..###.#.#.........
..........>).#.[#
......#.#.......
#..####.#....#.#
## #.##@#.# #.##.#
# ##'##.# #.....#
#.....# #.##.....#
#........#
.....$...##.#
.###.....##.#


There were no monsters in sight!

Vanquished Creatures
  Edmund (D:4)
  A sky beast (D:6)
  A bullfrog (D:6)
  A worker ant (D:5)
  A jelly (D:5)
  A crimson imp (D:6)
  A hound (D:4)
  Ijyb (D:5)
  2 adders
  A dart slug (D:1)
  An orc (D:4)
  A giant cockroach (D:2)
  2 hobgoblins
  A kobold (D:1)
  A quokka (D:6)
  A bat (D:3)
  A rat (D:1)
19 creatures vanquished.

Vanquished Creatures (collateral kills)
  An ogre (D:5)
  An orc wizard (D:4)
  An orc priest (D:4)
  A leopard gecko (D:5)
  3 orcs
  A frilled lizard (D:5)
  A quokka skeleton (D:4)
9 creatures vanquished.

Vanquished Creatures (others)
  A scorpion (D:6)
1 creature vanquished.

Grand Total: 29 creatures vanquished

Notes
Turn   | Place    | Note
-------+----------+-------------------------------------------
     0 | D:1      | Maedhros the Octopode Artificer began the quest for the
                  | Orb.
     0 | D:1      | Reached XP level 1. HP: 13/13 MP: 3/3
    66 | D:1      | Reached skill level 2 in Stealth
   118 | D:2      | Reached skill level 3 in Stealth
   118 | D:2      | Reached XP level 2. HP: 16/18 MP: 4/4
   154 | D:5      | Entered Level 5 of the Dungeon
   192 | D:6      | Noticed a scorpion
   196 | D:5      | Noticed Ijyb
   205 | D:5      | Killed Ijyb
   205 | D:5      | Reached skill level 4 in Stealth
   205 | D:5      | Reached XP level 3. HP: 23/23 MP: 5/5
   231 | D:4      | Noticed Edmund
   237 | D:4      | Reached skill level 5 in Stealth
   255 | D:4      | Reached XP level 4. HP: 28/28 MP: 6/6
   300 | D:4      | Killed Edmund
   300 | D:4      | Reached skill level 8 in Stealth
   300 | D:4      | Reached XP level 5. HP: 26/33 MP: 7/7
   300 | D:4      | Reached XP level 6. HP: 30/38 MP: 8/8
   410 | D:4      | Reached skill level 1 in Unarmed Combat
   457 | D:6      | Noticed a sky beast
   479 | D:6      | Killed a sky beast
   521 | D:6      | Reached XP level 7. HP: 4/43 MP: 9/9
   708 | D:5      | HP: 2/43 [poisoned by a worker ant]
   711 | D:5      | Succumbed to a worker ant's poison

Levels and vault maps discovered:
D:1:      minmay_arrival_diagonal_passages, layout_basic, grunt_decor_fettered
D:2:      layout_basic, grunt_temple_overflow_diamond,
          grunt_temple_overflow_open
D:3:      layout_rooms
D:4:      layout_loops_corners, first_ration, uniq_robin, uniq_edmund,
          uniq_crazy_yiuf_cottage, uniq_sigmund, uniq_blork_the_orc
D:5:      layout_basic, nemelex_xobeh_ov_fountains_minmay,
          minmay_temple_entry_statues_pillars, uniq_ijyb
D:6:      layout_basic

Skill      XL: |  1  2  3  4  5  6  7 |
---------------+----------------------+-----
Stealth        | 3 4 5 8 |  8.9
Unarmed Combat | 3 4 |  4.3
Fighting       | |  1.0
Short Blades   | |  1.0
Dodging        | |  2.0
Evocations     | |  3.2

Action                   |  1- 3 |  4- 6 |  7- 9 || total
-------------------------+-------+-------+-------++-------
Melee: Short sword       |    21 |    14 |     7 ||    42
       Constrict         |     8 |     5 |     1 ||    14
       Tentacles         |     3 |     4 |     1 ||     8
Evoke: Wand              |     6 |    16 |     7 ||    29
  Use: Potion            |       |     2 |       ||     2
       Scroll            |       |       |     2 ||     2
 Stab: Paralysed         |     3 |       |       ||     3
       Sleeping          |       |     1 |     2 ||     3
Armor: Skin              |     2 |     1 |       ||     3
Dodge: Dodged            |    20 |     5 |     3 ||    28

Table legend:
 A = Non-vault XP
 B = Vault XP
 C = Vault XP percentage of total XP
 D = Non-vault monster count
 E = Vault monster count
 F = Vault count percentage of total count
                 A         B        C        D         E       F
            +---------+---------+-------+---------+---------+-------
      Total |     518 |     331 |  39.0 |      26 |       2 |   7.1
            +---------+---------+-------+---------+---------+-------
        D:1 |       9 |       0 |   0.0 |       4 |       0 |   0.0
        D:2 |       2 |       0 |   0.0 |       1 |       0 |   0.0
        D:3 |      16 |       0 |   0.0 |       3 |       0 |   0.0
        D:4 |      90 |     295 |  76.6 |       7 |       1 |  12.5
        D:5 |     142 |      36 |  20.2 |       5 |       1 |  16.7
        D:6 |     259 |       0 |   0.0 |       6 |       0 |   0.0
            +---------+---------+-------+---------+---------+-------
